 Dungeon Crawl Stone Soup version 0.30.0-13-g156ef70053 (webtiles) character file.

Game seed: 8259232924092269177

49 mkat the Sneak (level 3, -3/31 HPs)
             Began as a Hill Orc Brigand on May 18, 2023.
             Slain by Terence
             ... wielding a +0 falchion
              (15 damage)
             ... on level 2 of the Dungeon.
             The game lasted 00:04:44 (823 turns).

mkat the Sneak (Hill Orc Brigand)                    Turns: 823, Time: 00:04:45

Health: -3/31      AC:  7    Str: 13    XL:     3   Next: 77%
Magic:  3/3        EV: 10    Int: 11    God:
Gold:   101        SH:  0    Dex: 14    Spells: 2/2 levels left

rFire   . . .        a - +2 dagger
rCold   . . .        (no shield)
rNeg    . . .        q - +0 ring mail
rPois   .            o - +0 helmet
rElec   .            c - +0 cloak
rCorr   +            (no gloves)
SInv    +            (no boots)
Will    .....        (no amulet)
Stlth   ++           f - ring of resist corrosion
HPRegen 0.25/turn    l - ring of see invisible
MPRegen 0.08/turn

%: no passive effects
@: no status effects
A: no striking features
a: no special abilities


You were on level 2 of the Dungeon.
You visited 1 branch of the dungeon, and saw 2 of its levels.

You collected 101 gold pieces.

Inventory:

Hand Weapons
 a - a +2 dagger (weapon)
Missiles
 e - 3 curare-tipped darts
 h - 5 poisoned darts (quivered)
 n - 9 stones
Armour
 b - a +0 robe
 c - a +0 cloak (worn)
 d - a +0 leather armour
 o - a +0 helmet (worn)
 q - a +0 ring mail (worn)
Jewellery
 f - a ring of resist corrosion (left hand)
 l - a ring of see invisible (right hand)
Scrolls
 g - a scroll of immolation
 i - 4 scrolls of teleportation
 j - a scroll of noise
 k - a scroll of amnesia
 m - 3 scrolls of identify


   Skills:
 + Level 3.0 Fighting
 + Level 2.5 Short Blades
 + Level 2.1 Throwing
 + Level 0.8 Armour
 + Level 1.0 Dodging
 + Level 3.6 Stealth


You had 2 spell levels left.
You didn't know any spells.
Your spell library was empty.

Dungeon Overview and Level Annotations

Branches:
Dungeon (2/15)

Altars:

Annotations:
D:2 Terence


Message History

The adder bites you but does no damage.
You completely miss the adder.
The adder is moderately wounded.
The adder bites you.
You closely miss the adder.
The adder is moderately wounded.
The adder closely misses you. The adder bites you but does no damage.
Okay, then.
You hit the adder.
The adder is heavily wounded.
The adder barely misses you.
You closely miss the adder.
The adder is heavily wounded.
The adder bites you but does no damage.
You hit the adder.
The adder is severely wounded.
The adder bites you but does no damage.
You hit the adder.
You kill the adder!
Your Fighting skill increases to level 3!
You hit Terence. You punch Terence, but do no damage.
Terence is lightly wounded.
Terence completely misses you.
You hit Terence.
Terence is lightly wounded.
Terence closely misses you.
Throw: 6 darts (poison)
Press: ? - help, Q - select action, (/) - cycle Shift-Dir - straight line, f - Terence
Aim: Terence, wielding a +0 falchion and wearing a +0 ring mail (lightly wounded, strong, 64% to hit)
You throw a poisoned dart. The poisoned dart hits Terence.
Terence is poisoned.
Terence is lightly wounded.
Terence hits you with a +0 falchion!
* * * LOW HITPOINT WARNING * * *
You hit Terence but do no damage.
Terence is lightly wounded.
It was a potion of curing.
You feel better. Terence completely misses you.
You hit Terence.
Terence is moderately wounded.
Terence hits you with a +0 falchion!
You die...

.#.........#.#.#.....#
.#...................#
.....................#######+#
...#...#.............@........
.........#+#..................
...#...............##.........
...#..................(.......
####.............@.##.(......$
................@#)##....#....
.................#............
...#.............##...........
...#.............##...........
..................#....#######
........##........#....######
........##........#..........
...#.#..##........#..........
...#.#..##...................


You could see Terence (strong, poisoned).

Vanquished Creatures
  An adder (D:2)
  3 dart slugs (D:1)
  4 ball pythons
  4 endoplasms
  2 giant cockroaches (D:1)
  4 goblins
  3 hobgoblins (D:1)
  A quokka (D:2)
  2 bats (D:1)
  2 frilled lizards (D:1)
  2 kobolds
  6 rats
34 creatures vanquished.

Notes
Turn   | Place    | Note
-------+----------+-------------------------------------------
     0 | D:1      | mkat the Hill Orc Brigand began the quest for the Orb.
     0 | D:1      | Reached XP level 1. HP: 18/18 MP: 1/1
    36 | D:1      | Reached skill level 1 in Dodging
    72 | D:1      | Reached XP level 2. HP: 25/25 MP: 2/2
   430 | D:1      | Reached XP level 3. HP: 30/30 MP: 3/3
   723 | D:2      | Found a faded altar of an unknown god.
   795 | D:2      | Noticed Terence
   823 | D:2      | Slain by Terence

Illustrated notes

Levels and vault maps discovered:
D:1:      tarquinn_simple_flora_water_e, layout_basic
D:2:      layout_basic, dreamdust_ecumenical_altar_statues, uniq_terence

Skill      XL: |  1  2  3 |
---------------+----------+-----
Dodging        | 1 |  1.0
Throwing       | 2 |  2.1
Fighting       | 3 |  3.0
Short Blades   | |  2.5
Armour         | |  0.8
Stealth        | |  3.6

Action                     || total
---------------------------++-------
  Melee: Dagger            ||    82
         Punch             ||     1
  Throw: Dart              ||    48
    Use: Scroll            ||     4
         Potion            ||     1
   Stab: Sleeping          ||     5
 Armour: Robe              ||     1
         Leather armour    ||    17
         Ring mail         ||    11
  Dodge: Dodged            ||    31
